 Dungeon Sprint DCSS version 0.20-a0-754-g13ddd6e (webtiles) character file.

5 esc the Skirmisher (level 1, 0/20 HPs)
             Began as a Hill Orc Fighter on Feb 27, 2017.
             Slain by Jessica
             ... wielding a +0 dagger
              (3 damage)
             ... in the Dungeon (Sprint III: "The Ten Rune Challenge").
             The game lasted 00:00:46 (33 turns).

esc the Skirmisher (Hill Orc Fighter)                 Turns: 33, Time: 00:00:47

Health: 0/20       AC:  7    Str: 18    XL:     1   Next: 80%
Magic:  1/1        EV:  7    Int:  8    God:
Gold:   0          SH:  9    Dex: 10    Spells: 0/0 levels left

rFire    . . .     SeeInvis .   a - +0 war axe
rCold    . . .     Gourm    .   b - +0 scale mail
rNeg     . . .     Faith    .   c - +0 shield
rPois    .         Spirit   .   (no helmet)
rElec    .         Reflect  .   (no cloak)
rCorr    .         Harm     .   (no gloves)
MR       .....     NoTele   +   (no boots)
Stlth    ..........             (no amulet)
Regen    0.1/turn               (no ring)
MPRegen  0.1/turn               (no ring)

@: no status effects
A: no striking features
a: no special abilities


You were in the Dungeon.
You were not hungry.

You visited 1 branch

Inventory:

Hand Weapons
 a - a +0 war axe (weapon)
Armour
 b - a +0 scale mail (worn)
 c - a +0 shield (worn)
Scrolls
 k - a scroll of blinking {!r}
 l - a scroll of identify {unknown}
Potions
 d - a potion of might
 e - a potion of curing
 g - a potion of heal wounds
 h - a potion of haste
 i - 2 potions of magic
 j - a potion of berserk rage {!q}
Comestibles
 f - a bread ration {@e1}


   Skills:
 + Level 4.1 Fighting
 + Level 3.5 Axes
 + Level 3.7 Armour
 + Level 3.8 Shields


You couldn't memorise any spells.
You didn't know any spells.

Dungeon Overview and Level Annotations

Branches:
Dungeon (1/1)

Altars:

Annotations:
D Jessica


Message History

Welcome, esc the Hill Orc Fighter.
Found a staircase leading out of the dungeon.
A rat comes into view.
You block the rat's attack.
You closely miss the rat. The rat barely misses you.
Your shield prevents you from hitting the rat.
The rat barely misses you. You block the rat's attack.
You hit the rat.
You kill the rat!
Health restored: 20 No target in view!
No target in view!
An ooze comes into view.
The ooze quivers.
You hit the ooze. The ooze closely misses you. You block the ooze's attack.
You slash the ooze! You block the ooze's attack.
You slash the ooze!
You kill the ooze!
Your Fighting skill increases to level 4!
Your Axes skill increases to level 3!
No target in view!
l - a scroll labeled TOANGA ZISHI Jessica the Apprentice Sorceress comes into view.
She is wielding a dagger.
Jessica shouts!
Jessica points at you and mumbles some strange words.
Pain shoots through your body!
Ouch! That really hurt!
You take 13 damage, and have 7/20 hp.
MASSIVE DAMAGE!!
You hit Jessica. You block Jessica's attack.
Your shield and scale mail prevent you from hitting Jessica.
Jessica casts a spell at you. Pain shoots through your body!
* * * LOW HITPOINT WARNING * * *
You take 2 damage, and have 6/20 hp.
You closely miss Jessica. You block Jessica's attack.
Jessica casts a spell at you. Pain shoots through your body!
* * * LOW HITPOINT WARNING * * *
You take 3 damage, and have 3/20 hp.
You hit Jessica. Jessica hits you with a dagger.
You die...

▓▓▓▓▓▓▓▓▓
▓<..#(..####
▓...#......##
▓..##...@@..#
▓##.##.##...#
##.##.###..#
▓#.####.# ..#
▓.###..## ##
▓#.....#
###..##
##..## #..##


You could see Jessica.

Vanquished Creatures
  An ooze (D)
  A rat (D)
2 creatures vanquished.

Vanquished Creatures (others)
  2 plants (D)
2 creatures vanquished.

Grand Total: 4 creatures vanquished

Notes
Turn   | Place    | Note
-------+----------+-------------------------------------------
     0 | D        | esc the Hill Orc Fighter began the quest for the Orb.
     0 | D        | Reached XP level 1. HP: 19/19 MP: 1/1
    14 | D        | Reached skill level 4 in Fighting
    14 | D        | Reached skill level 3 in Axes
    28 | D        | Noticed Jessica
    32 | D        | HP: 3/20 [Jessica/nerve-wracking pain (3)]
    33 | D        | Slain by Jessica

Vault maps used:
D:        dungeon_sprint_mu

Skill      XL: |  1 |
---------------+----+-----
Fighting       | 4 |  4.1
Axes           | 3 |  3.5
Armour         | |  3.7
Shields        | |  3.8

Action                   || total
-------------------------++-------
Melee: War axe           ||    10
Dodge: Dodged            ||     3
Block: Shield            ||     6

Vault maps used:
D:        dungeon_sprint_mu

Table legend:
 A = Turns spent in this place as a percentage of turns spent in the entire game.
 B = Non-inter-level travel turns spent in this place as a percentage of non-inter-level travel turns spent in the entire game.
 C = Inter-level travel turns spent in this place as a percentage of turns spent in this place.
 D = Turns resting spent in this place as a percentage of non-inter-level travel turns spent in this place.
 E = Turns spent auto-exploring this place as a percentage of non-inter-level travel turns spent in this place.
 F = Non-inter-level travel turns spent in this place divided by the number of levels of this place that you've seen.
                   A       B       C       D       E      F
               +-------+-------+-------+-------+-------+----------------------
         Total | 100.0 | 100.0 |   0.0 |   0.0 |  20.0 |  20.0
       Dungeon | 100.0 | 100.0 |   0.0 |   0.0 |  20.0 |  20.0
               +-------+-------+-------+-------+-------+----------------------

Table legend:
 A = Kills in this place as a percentage of kills in entire the game.
 B = Kills by you in this place as a percentage of kills by you in the entire game.
 C = Kills by friends in this place as a percentage of kills by friends in the entire game.
 D = Other kills in this place as a percentage of other kills in the entire game.
 E = Experience gained in this place as a percentage of experience gained in the entire game.
 F = Experience gained in this place divided by the number of levels of this place that you have seen.
                   A       B       C       D       E      F
               +-------+-------+-------+-------+-------+----------------------
         Total | 100.0 | 100.0 |  -nan |  -nan | 100.0 |   8.0
       Dungeon | 100.0 | 100.0 |  -nan |  -nan | 100.0 |   8.0
               +-------+-------+-------+-------+-------+----------------------
